 Dungeon Crawl Stone Soup version 0.28-a0-674-gdaf460b524 (webtiles) character file.

Game seed: 10503359763240553444

190 spiderkeys the Skirmisher (level 5, 0/70 HPs)
             Began as a Draconian Abyssal Knight on Oct 17, 2021.
             Was a Believer of Lugonu.
             Slain by a water moccasin (1 damage)
             ... on level 4 of the Dungeon.
             The game lasted 00:07:53 (3606 turns).

spiderkeys the Skirmisher (DrAK)                    Turns: 3606, Time: 00:07:54

Health: 0/70       AC: 22    Str: 15    XL:     5   Next: 41%
Magic:  7/7        EV:  2    Int: 11    God:    Lugonu [**....]
Gold:   128        SH:  0    Dex: 12    Spells: 4/4 levels left

rFire   . . .      SeeInvis .   a - +1 hand axe
rCold   . . .      Faith    .   (no shield)
rNeg    . . .      Spirit   .   (armour unavailable)
rPois   +          Reflect  .   (helmet currently unavailable)
rElec   .          Harm     .   (cloak currently unavailable)
rCorr   .          Rampage  .   (gloves currently unavailable)
Will    .....      NoTele   +   (boots currently unavailable)
Stlth   +.........              (no amulet)
HPRegen 0.21/turn               (no ring)
MPRegen 0.10/turn               (no ring)

@: tree-form, very slightly contaminated, invisible
A: stationary, stasis, torment immunity, boosted hp, AC +5, unfitting armour,
(cold-blooded)
a: Renounce Religion, Depart the Abyss, Bend Space


You were on level 4 of the Dungeon.
You worshipped Lugonu.
Lugonu was pleased with you.
You were a tree.
You visited 1 branch of the dungeon, and saw 4 of its levels.
You visited the Abyss 1 time.

You collected 128 gold pieces.


Innate Abilities, Weirdness & Mutations

You are a tree.
Your roots penetrate the ground, keeping you stationary.
You cannot be teleported.
You are immune to unholy pain and torment.
Your maximum health is greatly increased.
Your equipment is partially melded.
((Your plain brown scales are hard. (AC +5)))
You cannot fit into any form of body armour.
((You are cold-blooded and may be slowed by cold attacks.))


   Skills:
 + Level 4.4 Fighting
 + Level 3.3 Axes
 + Level 3.2 Dodging
 + Level 3.4 Invocations


You had 4 spell levels left.
You didn't know any spells.
Your spell library contained the following spells:

 Spells                   Type           Power      Damage    Failure   Level
 Fireball                 Conj/Fire      0%         3d3       100%        5
 Starburst                Conj/Fire      0%         6d3       100%        6
 Ignition                 Fire           0%         3d3       100%        8

Inventory:

Hand Weapons
 a - a +1 hand axe (weapon)
Missiles
 g - 58 stones
 h - 23 poisoned darts
 k - 66 sling bullets
 p - 41 arrows
Armour
 r - a +2 cloak (melded)
   (You found it on level 2 of the Dungeon)
Magical Staves
 b - a staff of earth {!a}
   (You found it on level 1 of the Dungeon)
Jewellery
 P - a ring of poison resistance
   (You took it off a hobgoblin on level 3 of the Dungeon)
Scrolls
 f - 2 scrolls of teleportation {@r4}
 j - a scroll of identify {@r1}
 n - a scroll of vulnerability {!r!r}
 q - a scroll of amnesia
Potions
 i - a potion of ambrosia
 l - a potion of brilliance

Dungeon Overview and Level Annotations

Branches:
Dungeon (4/15)
 Temple: D:4-7

Altars:
Dithmenos

###. .. ##...###..#
.......#...###
.........#...###
........#.....##
#..#....(....... #.......#..#
..# #...!.S##.#. ..#
#......♣..#. ..# #..........#
..+ ###..#.....## ..# #.
#..###.....###..# ##.#
##............#..#
....##.##......)...'##+##+##+
#..................#.....#...
#..................#.....#...
...⌠...............###'##'##'


You could see a water moccasin.


Message History

The water moccasin barely misses you. 😮 HP[-3]
You take 3 damage, and now have 26/47 hp.
You miss the water moccasin.
You feel very sick. The water moccasin bites you.
* * * LOW HITPOINT WARNING * * *
You are lethally poisoned!
The water moccasin poisons you!
The water moccasin closely misses you. 😨 HP[-8]
You take 8 damage, and now have 18/47 hp.
It was a potion of flight.
You feel very buoyant.
You fly up into the air.
* * * LOW HITPOINT WARNING * * *
You feel very sick. The water moccasin bites you.
* * * LOW HITPOINT WARNING * * *
😨 HP[-6]
You take 6 damage, and now have 12/47 hp.
It was a potion of magic.
Magic courses through your body.
* * * LOW HITPOINT WARNING * * *
You feel very sick.
The water moccasin closely misses you. 😱 HP[-3]
You take 3 damage, and now have 9/47 hp.
It was a potion of heal wounds.
You feel much better.
You feel very sick.
The water moccasin closely misses you. x2 😮 HP[+24]
You regained 24 hp, and now have 33/47 hp.
You miss the water moccasin.
You feel sick. The water moccasin bites you. 😮 HP[-8]
You take 8 damage, and now have 25/47 hp.
You hit the water moccasin.
You feel sick. The water moccasin barely misses you.
The water moccasin misses you. 😨 HP[-2]
You take 2 damage, and now have 23/47 hp.
You closely miss the water moccasin.
You feel sick.
The water moccasin bites you but does no damage. 😨 HP[-1]
You take 1 damage, and now have 22/47 hp.
You miss the water moccasin.
You feel sick. The water moccasin misses you. The water moccasin bites you.
* * * LOW HITPOINT WARNING * * *
😨 HP[-7]
You take 7 damage, and now have 15/47 hp.
You feel sick. 😨 HP[-1]
You take 1 damage, and now have 14/47 hp.
You feel sick.
The water moccasin barely misses you. 😨 HP[-1]
You take 1 damage, and now have 13/47 hp.
You hit the water moccasin but do no damage.
You feel sick.
You are no longer poisoned.
The water moccasin closely misses you. 😨 HP[-1]
You take 1 damage, and now have 12/47 hp.
You completely miss the water moccasin. The water moccasin barely misses you.
The water moccasin bites you but does no damage.
You completely miss the water moccasin. You tail-slap the water moccasin.
The water moccasin misses you. The water moccasin bites you.
* * * LOW HITPOINT WARNING * * *
You are lethally poisoned!
The water moccasin poisons you! 😱 HP[-4]
You take 4 damage, and now have 8/47 hp.
It was a potion of lignification.
You turn into a tree.
Your +2 cloak melds into your body.
Your roots penetrate the ground.
You feel sick.
The water moccasin bites you but does no damage. 😱 HP[+3]
You now have 70 max hp (+23).
You regained 3 hp, and now have 11/70 hp.
You hit the water moccasin.
You feel sick. The water moccasin bites you.
* * * LOW HITPOINT WARNING * * *
😱 HP[-5]
You take 5 damage, and now have 6/70 hp.
You slash the water moccasin!
* * * LOW HITPOINT WARNING * * *
You feel sick.
The water moccasin bites you but does no damage. x2 😱 HP[-2]
You take 2 damage, and now have 4/70 hp.
You catch the helpless water moccasin completely off-guard!
You hit the water moccasin.
You feel sick.
You barely miss the water moccasin.
You feel sick.
The water moccasin bites you but does no damage. 😱 HP[-1]
You take 1 damage, and now have 3/70 hp.
You hit the water moccasin but do no damage.
You feel sick.
The water moccasin bites you but does no damage. x2 😱 HP[-1]
You take 1 damage, and now have 2/70 hp.
You closely miss the water moccasin.
You feel sick.
You are no longer poisoned.
The water moccasin bites you.
You die...

Skill      XL: |  1  2  3  4 |
---------------+-------------+-----
Fighting       | 4 |  4.4
Invocations    | 3 |  3.4
Axes           | 3 |  3.3
Dodging        | 3 |  3.2

Action                   |  1- 3 |  4- 6 || total
-------------------------+-------+-------++-------
Melee: Hand axe          |   114 |   145 ||   259
       Tailslap          |     8 |    14 ||    22
Throw: Dart              |       |     1 ||     1
Invok: Depart the Abyss  |     1 |       ||     1
  Use: Potion            |     3 |     7 ||    10
       Scroll            |       |     5 ||     5
 Stab: Invisible         |       |     1 ||     1
Armor: Skin              |    34 |    57 ||    91
Dodge: Dodged            |    74 |    85 ||   159

Levels and vault maps discovered:
D:1:      dpeg_chamrin_arrival_tetris, layout_loops_corners,
          hangedman_abyss_or_decor_stabs, dk_noncrumbling_4,
          minmay_misc_feat_iff
D:2:      layout_rooms, ebering_ecumenical_altar_rust, uniq_natasha
D:3:      layout_rooms, mainiacjoe_overflow_alcove_1
D:4:      layout_cave_pools, nicolae_gozag_cash_rules_everything_around_me,
          mainiacjoe_overflow_24_doors, minmay_temple_entry_grid,
          serial_column_ruins, column_ruins_hut, column_ruins_open_tiny,
          column_ruins_open_small, column_ruins_open_tiny_water,
          column_ruins_open_tiny, column_ruins_grid_1, column_ruins_grid_1,
          column_ruins_open_small

Notes
Turn   | Place    | Note
-------+----------+-------------------------------------------
     0 | Abyss:1  | spiderkeys the Draconian Abyssal Knight began the quest for
                  | the Orb.
     0 | Abyss:1  | Reached XP level 1. HP: 19/19 MP: 2/2
     0 | Abyss:1  | magus.rc [v1.9.10]
    23 | Abyss:2  | You pick up a book of Fire and begin reading...
    23 | Abyss:2  | You add the spells Fireball, Starburst and Ignition to your
                  | library.
    41 | Abyss:2  | Noticed a starcursed mass
    53 | D:1      | You pass through the gate.
    53 | D:1      | Escaped the Abyss
   411 | D:1      | Reached XP level 2. HP: 17/26 MP: 3/3
   583 | D:1      | Reached * piety under Lugonu
  1169 | D:1      | Reached XP level 3. HP: 32/33 MP: 4/4
  1347 | D:2      | Found a faded altar of an unknown god.
  1643 | D:2      | Noticed Natasha
  1657 | D:2      | HP: 3/33 [Natasha/magic dart (6)]
  1662 | D:2      | HP: 6/33 [Natasha (7)]
  1667 | D:2      | Killed Natasha
  1668 | D:2      | Reached skill level 4 in Fighting
  1668 | D:2      | Reached XP level 4. HP: 4/40 MP: 6/6
  1939 | D:2      | Noticed Natasha
  1949 | D:2      | Killed Natasha
  1950 | D:2      | Reached skill level 3 in Invocations
  2087 | D:2      | Noticed Natasha
  2121 | D:2      | Killed Natasha
  2122 | D:2      | Reached skill level 3 in Axes
  2122 | D:2      | Reached skill level 3 in Dodging
  2623 | D:3      | Reached ** piety under Lugonu
  2645 | D:3      | Reached XP level 5. HP: 42/46 MP: 7/7
  2831 | D:3      | Found a shadowy altar of Dithmenos.
  2852 | D:3      | HP: 11/46 [poisoned by an adder]
  3567 | D:4      | Noticed a water moccasin
  3589 | D:4      | HP: 9/47 [poisoned by a water moccasin]
  3599 | D:4      | HP: 8/47 [water moccasin (4)]
  3604 | D:4      | HP: 3/70 [poisoned by a water moccasin]
  3606 | D:4      | HP: 1/70 [poisoned by a water moccasin]
  3606 | D:4      | Slain by a water moccasin

Vanquished Creatures
  Natasha (thrice) (D:2)
  4 adders
  4 worms
  2 dart slugs
  An orc (D:4)
  7 endoplasms
  6 giant cockroaches (D:1)
  9 goblins
  3 hobgoblins
  2 jackals (D:3)
  3 kobolds
  2 quokkas
  7 ball pythons
  2 bats (D:1)
  5 frilled lizards
  5 rats
65 creatures vanquished.

Table legend:
 A = Non-vault XP
 B = Vault XP
 C = Vault XP percentage of total XP
 D = Non-vault monster count
 E = Vault monster count
 F = Vault count percentage of total count
                 A         B        C        D         E       F
            +---------+---------+-------+---------+---------+-------
      Total |     236 |      36 |  13.2 |      64 |       1 |   1.5
            +---------+---------+-------+---------+---------+-------
        D:1 |      43 |       0 |   0.0 |      26 |       0 |   0.0
        D:2 |     112 |      36 |  24.3 |      16 |       1 |   5.9
        D:3 |      74 |       0 |   0.0 |      18 |       0 |   0.0
        D:4 |       7 |       0 |   0.0 |       4 |       0 |   0.0
            +---------+---------+-------+---------+---------+-------

Illustrated notes

Table legend:
 A = Kills in this place as a percentage of kills in entire the game.
 B = Kills by you in this place as a percentage of kills by you in the entire game.
 C = Kills by friends in this place as a percentage of kills by friends in the entire game.
 D = Other kills in this place as a percentage of other kills in the entire game.
 E = Experience gained in this place as a percentage of experience gained in the entire game.
 F = Experience gained in this place divided by the number of levels of this place that you have seen.
                   A       B       C       D       E      F
               +-------+-------+-------+-------+-------+----------------------
         Total | 100.0 | 100.0 |   N/A |   N/A | 100.0 |  45.3
       Dungeon | 100.0 | 100.0 |   N/A |   N/A | 100.0 |  68.0
               +-------+-------+-------+-------+-------+----------------------

Table legend: (Time is in decaauts)
 A = Elapsed time spent in this place.
 B = Non-inter-level travel time spent in this place.
 C = Inter-level travel time spent in this place.
 D = Time resting spent in this place.
 E = Time spent auto-exploring this place.
 F = Levels seen in this place.
 G = Mean time per level.
                   A        B        C        D        E       F      G
               +--------+--------+--------+--------+--------+-----+--------+
         Total |   3655 |   3585 |     70 |      8 |   2955 |   6 |  609.2 |
       Dungeon |   3602 |   3532 |     70 |      8 |   2955 |   4 |  900.5 |
         Abyss |     52 |     52 |      0 |      0 |      0 |   2 |   26.0 |
               +--------+--------+--------+--------+--------+-----+--------+

Top non-repeatable levels by time:
     D:2: 1356 daAuts
     D:1: 1238 daAuts
     D:3: 882 daAuts
     D:4: 125 daAuts
 Abyss:2: 44 daAuts
 Abyss:1: 8 daAuts
